 Dungeon Crawl Stone Soup version 0.30-a0-567-gf7fd966b4a (webtiles) character file.

Game seed: 18084515232175165690

397 kae the Changer (level 6, -10/43 HPs)
             Began as a Demonspawn Transmuter on Dec 28, 2022.
             Mangled by Pikel
             ... wielding a +1 whip of electrocution
              (20 damage)
             ... on level 4 of the Dungeon.
             The game lasted 00:03:58 (3318 turns).

kae the Changer (Demonspawn Transmuter)             Turns: 3318, Time: 00:03:58

Health: -10/43     AC:  8    Str: 13    XL:     6   Next: 53%
Magic:  8/11       EV: 12    Int: 16    God:
Gold:   359        SH:  5    Dex: 18    Spells: 1/11 levels left

rFire   . . .      SeeInvis +      - Unarmed
rCold   . . .      Faith    .    (no shield)
rNeg    . . .      Spirit   .    a - +0 robe
rPois   .          Reflect  +    (helmet restricted)
rElec   .          Harm     .    (no cloak)
rCorr   .          Rampage  .    (no gloves)
Will    .....                    (no boots)
Stlth   ++                       d - amulet of reflection
HPRegen 0.27/turn                v - ring of see invisible
MPRegen 0.12/turn                e - ring of Resumed Hostilities {Drain AC+4 Str+3 Dex+4}

@: wereblooded
A: antennae 1, yellow scales 1, demonic guardian 2
a: no special abilities


You were on level 4 of the Dungeon.
You visited 1 branch of the dungeon, and saw 4 of its levels.

You collected 984 gold pieces.
You spent 625 gold pieces at shops.


Innate Abilities, Weirdness & Mutations

You have a pair of small antennae on your head.
You are partially covered in yellow scales. (AC +2)
A demonic guardian rushes to your aid.


   Skills:
 - Level 1.0 Fighting
 - Level 1.7 Dodging
 + Level 3.8 Unarmed Combat
 + Level 3.3 Spellcasting
 * Level 4.1 Transmutations
 * Level 1.6 Ice Magic
 - Level 2.0 Poison Magic


You had one spell level left.
You knew the following spells:

 Your Spells              Type           Power      Damage    Failure   Level
a - Beastly Appendage     Tmut           30%        N/A       3%          1
b - Wereblood             Tmut           15%        N/A       4%          2
c - Spider Form           Tmut/Pois      12%        N/A       16%         3
d - Ice Form              Ice/Tmut       11%        N/A       50%         4

Your spell library contained the following spells:

 Spells                   Type           Power      Damage    Failure   Level
 Freeze                   Ice            28%        1d5       10%         1
 Frozen Ramparts          Ice            14%        1d3       28%         3
 Hailstorm                Conj/Ice       5%         3d4       36%         3
 Inner Flame              Hex/Fire       2%         N/A       47%         3
 Summon Guardian Golem    Hex/Summ       2%         N/A       47%         3
 Yara's Violent Unravell  Hex/Tmut       4%         3d4       91%         5
 Orb of Destruction       Conj           1%         9d5       100%        7
 Spellforged Servitor     Conj/Summ      1%         N/A       100%        7

Inventory:

Missiles
 c - 49 stones
 f - 6 javelins
 h - a throwing net {=f!f}
Armour
 a - a +0 robe (worn)
Jewellery
 d - an amulet of reflection (around neck)
   (You found it on level 1 of the Dungeon)
 e - the ring of Resumed Hostilities (right hand) {Drain AC+4 Str+3 Dex+4}
   (You bought it in a shop on level 1 of the Dungeon)

   [ring of protection]

   AC:        It affects your AC (+4).
   Str:       It affects your strength (+3).
   Dex:       It affects your dexterity (+4).
   Drain:     It drains your maximum health when unequipped.
 v - a ring of see invisible (left hand)
   (You found it on level 1 of the Dungeon)
 L - a ring of flight
   (You found it on level 3 of the Dungeon)
Scrolls
 g - 2 scrolls of immolation {!r!r}
Potions
 b - 2 potions of lignification {!q}
 i - a potion of magic {unknown}
 j - a potion of attraction {!q}
 k - a potion of berserk rage {!q}
 l - a potion of heal wounds {unknown}
 m - 2 potions of mutation {unknown}
 n - 2 potions of flight {unknown}

Dungeon Overview and Level Annotations

Branches:
Dungeon (4/15) Zot: 20696
 Temple: D:4-7

Altars:

Shops:
D:1 =

Annotations:
D:2 1 runed translucent door, Crazy Yiuf
D:4 Pikel

#.........^...###...##
#...... #....##.....###
###5.## #..####
....######### ##..##
##..# ...## ##..###...##
.### ##........### ##
#...........
##....######.
#########....## ##
##.4.@K5......#
##..#######...## ##..##
##### #...# #..## #.).##
############
##...########...........
##.....................
##.................#..


You could see Pikel (extremely poisoned, ally target), a lemure and a friendly
orange demon (summoned).


Message History

You hit the worm. You punch the worm!
You kill the worm!
No target in view!
No target in view!
No target in view!
No target in view!
You now have 347 gold pieces (gained 6).
Found a stone staircase leading down. 😎 HP[+2] MP[+1]
Your hp is fully restored (43).
Your mp is fully restored (11).
Unknown command.
You now have 359 gold pieces (gained 12).
There is a stone staircase leading down here.
There is a stone staircase leading down here.
A lemure comes into view.
A lemure is nearby!
A lemure is nearby!
Casting: Spider Form (dangerous; 16% risk of failure)
Confirm with . or Enter, or press ? or * to list all spells.
You turn into a venomous arachnid creature.
Your +0 robe melds into your body.
The lemure shouts!
You hear a shout! x2
A lemure comes into view. 😎 MP[-3]
You lost 3 mp, and now have 8/11 mp. 😎 MP[+1]
Your transformation is almost over. 😎 MP[+1]
Your transformation has ended.
Your +0 robe unmelds from your body.
Sorry, you're not good enough to have a special ability.
Unknown command.
Casting: Spider Form (dangerous; 16% risk of failure)
Confirm with . or Enter, or press ? or * to list all spells.
You turn into a venomous arachnid creature.
Your +0 robe melds into your body.
Casting: Spider Form (quite dangerous; 34% risk of failure)
Confirm with . or Enter, or press ? or * to list all spells.
The spell is extremely dangerous to miscast (71% risk of failure)!
Continue anyway? [Y]es or [N]o only, please.
The spell is extremely dangerous to miscast (71% risk of failure)!
Continue anyway? [Y]es or [N]o only, please.
The spell is extremely dangerous to miscast (71% risk of failure)!
Continue anyway?
Okay, then. 😎 MP[-2]
You lost 2 mp, and now have 8/11 mp.
Casting: Ice Form (extremely dangerous; 71% risk of failure)
Confirm with . or Enter, or press ? or * to list all spells.
Your blood is infused with primal strength.
The lemure closely misses you. 😎 MP[-2]
You lost 2 mp, and now have 6/11 mp.
You barely miss the lemure. You block the lemure's attack.
You hit the lemure.
The lemure is poisoned.
The lemure hits you. 😕 HP[-2]
You take 2 damage, and now have 41/43 hp.
You hit the lemure. The lemure closely misses you.
Unknown command.
You hit the lemure.
The lemure looks as sick as possible!
You block the lemure's attack.
You hit the lemure.
The lemure looks as sick as possible!
Your transformation is almost over.
The lemure hits you. 😕 HP[-3]
You take 3 damage, and now have 38/43 hp.
You hit the lemure.
The lemure looks as sick as possible!
You kill the lemure!
That felt strangely unrewarding.
Pikel says, "All the demons know me.
They respect me." 😕 MP[+1]
You hit Pikel but do no damage.
Pikel hits you with a +1 whip of electrocution! 😮 HP[-8]
You take 8 damage, and now have 30/43 hp.
You hit Pikel.
Pikel is poisoned.
Pikel hits you with a +1 whip of electrocution. 😮 HP[-4]
You take 4 damage, and now have 26/43 hp.
You barely miss Pikel.
Pikel hits you with a +1 whip of electrocution!
* * * LOW HITPOINT WARNING * * *
😨 HP[-7]
You take 7 damage, and now have 19/43 hp.
Unknown command.
You hit Pikel but do no damage. You block Pikel's attack.
You bite Pikel! You hit Pikel.
Pikel looks as sick as possible!
Pikel hits you but does no damage. 😨 HP[+1] Unknown command.
You hit Pikel but do no damage.
Pikel looks as sick as possible!
Your transformation has ended.
Your +0 robe unmelds from your body.
Pikel barely misses you.
You hit Pikel. You punch Pikel, but do no damage.
Pikel hits you with a +1 whip of electrocution!
* * * LOW HITPOINT WARNING * * *
A demonic guardian appears!
You are electrocuted!!
You die...

Skill      XL: |  1  2  3  4  5  6 |
---------------+-------------------+-----
Transmutations | 2 3 4 |  4.1
Unarmed Combat | 3 |  3.8
Poison Magic   | 1 2 |  2.0
Spellcasting   | 3 |  3.3
Ice Magic      | 1 |  1.6
Fighting       | |  1.0
Dodging        | |  1.7

Action                   |  1- 3 |  4- 6 || total
-------------------------+-------+-------++-------
Melee: Unarmed           |    61 |   207 ||   268
       Kick              |    17 |    11 ||    28
       Headbutt          |     6 |       ||     6
       Punch             |       |     4 ||     4
 Cast: Beastly Appendage |    19 |    12 ||    31
       Spider Form       |     2 |    18 ||    20
       Wereblood         |       |     2 ||     2
  Use: Scroll            |       |     5 ||     5
 Stab: Sleeping          |       |     2 ||     2
Armor: Robe              |     7 |    23 ||    30
       Skin              |       |     9 ||     9
Dodge: Dodged            |    47 |   118 ||   165
Block: Other             |     2 |    48 ||    50
       Reflection        |       |     1 ||     1

Levels and vault maps discovered:
D:1:      dpeg_arrival_chambers_temple_mockup, layout_basic,
          nicolae_shop_unique_rings
D:2:      layout_basic, dilly_ecumenical_altar_fadedgnrine,
          uniq_crazy_yiuf_cottage
D:3:      layout_rooms
D:4:      layout_layer_cave, uniq_pikel

Notes
Turn   | Place    | Note
-------+----------+-------------------------------------------
     0 | D:1      | kae the Demonspawn Transmuter began the quest for the Orb.
     0 | D:1      | Reached XP level 1. HP: 15/15 MP: 3/3
     0 | D:1      | magus.rc [v1.11.3]
    96 | D:1      | Reached skill level 2 in Transmutations
   183 | D:1      | Gained mutation: A weak demonic guardian rushes to your
                  | aid. [demonic ancestry]
   183 | D:1      | Reached XP level 2. HP: 21/21 MP: 3/5
   670 | D:1      | Reached skill level 3 in Unarmed Combat
   808 | D:1      | Found Irho's One-of-a-Kind Rings.
  1138 | D:2      | Reached XP level 3. HP: 21/26 MP: 6/6
  1141 | D:2      | Learned a level 2 spell: Wereblood
  1145 | D:2      | Learned a level 3 spell: Spider Form
  1269 | D:2      | Reached skill level 3 in Transmutations
  1269 | D:2      | Gained mutation: You have a pair of small antennae on your
                  | head. [demonic ancestry]
  1269 | D:2      | Reached XP level 4. HP: 15/32 MP: 1/7
  1396 | D:2      | Reached skill level 1 in Poison Magic
  1551 | D:2      | You add the spells Freeze, Inner Flame, Summon Guardian
                  | Golem and Yara's Violent Unravelling to your library.
  1551 | D:2      | Got Baonlom's Handbook of Frozen Charms
  1900 | D:2      | Found a runed translucent door.
  1901 | D:2      | Noticed Crazy Yiuf
  1987 | D:2      | Found a faded altar of an unknown god.
  2205 | D:3      | Gained mutation: A demonic guardian rushes to your aid.
                  | [demonic ancestry]
  2205 | D:3      | Reached XP level 5. HP: 35/37 MP: 5/9
  2358 | D:3      | You pick up a book of Frost and begin reading...
  2358 | D:3      | You add the spells Frozen Ramparts and Hailstorm to your
                  | library.
  2530 | D:4      | Identified a scroll of acquirement
  2530 | D:4      | Acquired 832 gold pieces
  2595 | D:1      | Bought the ring of Resumed Hostilities {Drain AC+4 Str+3
                  | Dex+4} for 625 gold pieces
  2730 | D:4      | Reached skill level 3 in Spellcasting
  2752 | D:4      | You pick up a book of Dangerous Friends and begin
                  | reading...
  2752 | D:4      | You add the spells Orb of Destruction and Spellforged
                  | Servitor to your library.
  2789 | D:4      | Noticed a lemure
  2790 | D:4      | Noticed Pikel
  2814 | D:4      | Learned a level 4 spell: Ice Form
  2823 | D:3      | Killed a lemure
  2846 | D:3      | Gained mutation: You are partially covered in yellow
                  | scales. (AC +2) [demonic ancestry]
  2846 | D:3      | Reached XP level 6. HP: 43/43 MP: 6/10
  2855 | D:4      | Reached skill level 1 in Ice Magic
  2855 | D:4      | Reached skill level 2 in Poison Magic
  2997 | D:4      | Reached skill level 4 in Transmutations
  3318 | D:4      | HP: 10/43 [Pikel/+1 whip of electrocution (10)]
  3318 | D:4      | Mangled by Pikel

Vanquished Creatures
  3 lemures
  2 scorpions
  A hound (D:4)
  2 orc wizards (D:4)
  4 gnolls (D:2)
  4 adders
  A white imp (D:4)
  An ufetubus (D:4)
  3 worms
  9 orcs
  9 endoplasms
  6 giant cockroaches
  7 goblins
  8 hobgoblins
  2 jackals (D:2)
  3 quokkas
  6 ball pythons
  4 bats
  3 frilled lizards
  6 kobolds
  6 rats
90 creatures vanquished.

Vanquished Creatures (collateral kills)
  A worm (D:2)
  A hobgoblin (D:3)
2 creatures vanquished.

Vanquished Creatures (others)
  A fungus (D:2)
1 creature vanquished.

Grand Total: 93 creatures vanquished

Table legend:
 A = Non-vault XP
 B = Vault XP
 C = Vault XP percentage of total XP
 D = Non-vault monster count
 E = Vault monster count
 F = Vault count percentage of total count
                 A         B        C        D         E       F
            +---------+---------+-------+---------+---------+-------
      Total |     568 |       0 |   0.0 |      89 |       0 |   0.0
            +---------+---------+-------+---------+---------+-------
        D:1 |      37 |       0 |   0.0 |      22 |       0 |   0.0
        D:2 |     140 |       0 |   0.0 |      26 |       0 |   0.0
        D:3 |     131 |       0 |   0.0 |      23 |       0 |   0.0
        D:4 |     260 |       0 |   0.0 |      18 |       0 |   0.0
            +---------+---------+-------+---------+---------+-------

Illustrated notes

Table legend:
 A = Kills in this place as a percentage of kills in entire the game.
 B = Kills by you in this place as a percentage of kills by you in the entire game.
 C = Kills by friends in this place as a percentage of kills by friends in the entire game.
 D = Other kills in this place as a percentage of other kills in the entire game.
 E = Experience gained in this place as a percentage of experience gained in the entire game.
 F = Experience gained in this place divided by the number of levels of this place that you have seen.
                   A       B       C       D       E      F
               +-------+-------+-------+-------+-------+----------------------
         Total | 100.0 | 100.0 | 100.0 |   N/A | 100.0 | 142.0
       Dungeon | 100.0 | 100.0 | 100.0 |   N/A | 100.0 | 142.0
               +-------+-------+-------+-------+-------+----------------------

Table legend: (Time is in decaauts)
 A = Elapsed time spent in this place.
 B = Non-inter-level travel time spent in this place.
 C = Inter-level travel time spent in this place.
 D = Time resting spent in this place.
 E = Time spent auto-exploring this place.
 F = Levels seen in this place.
 G = Mean time per level.
                   A        B        C        D        E       F      G
               +--------+--------+--------+--------+--------+-----+--------+
         Total |   3302 |   3103 |    199 |     16 |   2379 |   4 |  825.5 |
       Dungeon |   3302 |   3103 |    199 |     16 |   2379 |   4 |  825.5 |
               +--------+--------+--------+--------+--------+-----+--------+

Top non-repeatable levels by time:
     D:1: 1111 daAuts
     D:2: 1061 daAuts
     D:4: 638 daAuts
     D:3: 491 daAuts
